 Dungeon Crawl Stone Soup version 0.30.0-15-g856e2d3f33 (webtiles) character file.

Game seed: 12826328832296691818

16090 croobank the Frost Mage (level 12, -2/101 HPs)
             Began as a White Draconian Ice Elementalist on May 18, 2023.
             Was an Elder of Sif Muna.
             Slain by a troll (9 damage)
             ... on level 12 of the Dungeon.
             The game lasted 00:47:29 (14468 turns).

croobank the Frost Mage (DrIE)                     Turns: 14468, Time: 00:47:30

Health: -2/101     AC: 11    Str: 10    XL:     12   Next: 7%
Magic:  23/24      EV: 15    Int: 21    God:    Sif Muna [****..]
Gold:   564        SH:  0    Dex: 12    Spells: 17/27 levels left

rFire   . . .        a - +7 dagger (flame)
rCold   + . .        (no shield)
rNeg    . . .        (body armour unavailable)
rPois   .            (helmet restricted)
rElec   .            (no cloak)
rCorr   +            v - +2 pair of gloves
SInv    +            (no boots)
Will    .....        H - amulet of magic regeneration
Stlth   ++++         q - ring of see invisible
HPRegen 0.36/turn    D - ring of resist corrosion
MPRegen 0.59/turn

%: no passive effects
@: invisible
A: breathe frost, AC +8, unfitting armour, cold resistance 1, cold-blooded
a: Breathe Frost, Renounce Religion, Channel Magic, Forget Spell, Divine
Exegesis


You were on level 12 of the Dungeon.
You worshipped Sif Muna.
Sif Muna was greatly pleased with you.
You visited 2 branches of the dungeon, and saw 14 of its levels.

You collected 744 gold pieces.
You spent 180 gold pieces at shops.

Inventory:

Hand Weapons
 a - a +7 dagger of flaming (weapon)
 b - a +2 sling of flaming
 d - a +0 arbalest
 f - a +3 short sword of holy wrath
 F - a +0 vampiric long sword
 I - a +2 dagger of speed
 O - a +4 flail
 P - a +5 mace of freezing
 T - a +4 falchion
 U - a +3 morningstar of freezing
 V - a +0 scimitar of flaming
 W - a +0 flail of holy wrath
Missiles
 c - a curare-tipped dart
 l - 2 datura-tipped darts
 C - 8 boomerangs
 M - 12 javelins
Armour
 v - a +2 pair of gloves (worn)
Jewellery
 i - an amulet of regeneration
 q - a ring of see invisible (left hand)
 w - a ring of magical power
 D - a ring of resist corrosion (right hand)
 E - a ring of ice
 H - an amulet of magic regeneration (around neck)
 R - a ring of willpower
Wands
 p - a wand of polymorph (8)
 K - a wand of mindburst (23)
 X - a wand of roots (6)
 Y - a wand of flame (6)
Scrolls
 h - a scroll of acquirement
 m - a scroll of enchant armour
 n - 3 scrolls of fear
 x - a scroll of fog
 y - a scroll of poison
 B - a scroll of summoning
 G - 2 scrolls of teleportation
 J - 3 scrolls of silence
 L - 3 scrolls of vulnerability
 N - 3 scrolls of immolation
 Z - a scroll of amnesia
Potions
 e - a potion of magic
 g - 3 potions of cancellation
 j - a potion of resistance
 k - a potion of might
 o - 2 potions of invisibility
 r - 4 potions of curing
 s - a potion of haste
 t - 2 potions of lignification
 u - a potion of degeneration {unknown}
 z - 2 potions of attraction {unknown}
 A - 3 potions of flight {unknown}
 Q - a potion of mutation {unknown}
 S - a potion of brilliance {unknown}


   Skills:
 + Level 8.0 Fighting
 + Level 8.0 Dodging
 + Level 8.7 Stealth
 + Level 8.0 Spellcasting
 + Level 11.2 Ice Magic
 + Level 8.2 Invocations


You had 17 spell levels left.
You knew the following spells:

 Your Spells              Type           Power      Damage    Failure   Level
a - Freeze                Ice            100%       1d10      1%          1
b - Frozen Ramparts       Ice            100%       1d16      1%          3
c - Ozocubu's Armour      Ice            53%        N/A       1%          3
d - Hailstorm             Conj/Ice       32%        3d8       2%          3

Your spell library contained the following spells:

 Spells                   Type           Power      Damage    Failure   Level
 Ensorcelled Hibernation  Hex/Ice        64%        N/A       1%          2
 Apportation              Tloc           16%        N/A       8%          1
 Ice Form                 Ice/Tmut       32%        N/A       8%          4
 Summon Ice Beast         Ice/Summ       32%        N/A       8%          4
 Passwall                 Tmut/Erth      6%         N/A       12%         2
 Swiftness                Air            8%         N/A       24%         3
 Simulacrum               Ice/Necr       16%        N/A       77%         6
 Alistair's Intoxication  Tmut/Pois      5%         N/A       91%         5


Dungeon Overview and Level Annotations

Branches:
Dungeon (13/15)            Temple (1/1) D:6            Lair (0/5) D:9
    Orc (0/2) D:10
 Vaults: D:13-14

Altars:
Ashenzari
Cheibriados
Dithmenos
Elyvilon
Fedhas
Gozag
Hepliaklqana
Kikubaaqudgha
Makhleb
Nemelex Xobeh
Okawaru
Qazlal
Ru
Sif Muna
Trog
Uskayaw
Vehumet
Wu Jian
Xom
Yredelemnul
Zin
The Shining One

Shops:
D:3 [   D:4 [([*

Annotations:
D:2 1 runed translucent door, Crazy Yiuf
D:4 3 runed translucent doors, hawla's ghost, amateur DEFE
D:12 Jorgrun


Innate Abilities, Weirdness & Mutations

You can breathe waves of freezing cold which knock back foes.
Your icy white scales are hard. (AC +8)
You cannot fit into any form of body armour.
Your flesh is cold resistant. (rC+)
You are cold-blooded and may be slowed by cold attacks.


Message History

A slime creature comes into view.
The wall freezes the troll but does no damage.
You fade into invisibility!
The centaur warrior shoots an arrow.
The arrow hits the slime creature!
The wall freezes the boulder beetle but does no damage.
The boulder beetle bites you!
* * * LOW HITPOINT WARNING * * *
The slime creature is engulfed in blazing flames.
The wall freezes the slime creature.
The slime creature hits you.
* * * LOW HITPOINT WARNING * * *
The wall freezes the slime creature!
The slime creature quivers.
The wall freezes the troll.
Your attack snaps the troll out of its fear.
The slime creature quivers.
Okay, then.
Casting: Ozocubu's Armour (safe; 1% risk of failure)
Confirm with . or Enter, or press ? or * to list all spells.
Okay, then.
Your icy armour and frozen ramparts will break if you move.
Continue?
Okay, then.
Your icy armour and frozen ramparts will break if you move.
Continue?
Your icy armour cracks and falls away as you move.
The frozen ramparts melt away as you move.
The troll misses you. The troll closely misses you.
The troll completely misses you.
There is an escape hatch in the ceiling, spattered with blood here.
You see here a howler monkey corpse.
The centaur warrior shoots an arrow.
The arrow hits you!
* * * LOW HITPOINT WARNING * * *
The boulder beetle misses you.
The slime creature is engulfed in blazing flames.
The slime creature quivers.
A mysterious force pulls you upwards. The hatch slams shut behind you.
Level annotation: Jorgrun
Casting: Alistair's Intoxication
Press: ? - help, Dir - look around, f - activate You fail to use your ability.
The troll closely misses you. The troll claws you!
You die...

.########........................
.##.....#........................
........#........................
....^...##'###...................
.............########............
.............+......#............
........#######.....+.....#######
######..##...##.....#.....# #...
.....#..##...##.@T..#.....# #...
.....#........#..B..#.....# #...
.....#).......#.....#.....# #...
.....'..##...##.g...#.....# #...
.....#######'##.....#.....#####+#
###'#....#..........#.....#..#...
....#....#..(.......#.....#..#...
....#....#..........+.....#..'...
#####....#+####..##+#.....####...


You could see Jorgrun (asleep), a boulder beetle (unable to see you) and a troll
(unable to see you).

Vanquished Creatures
  2 boulder beetles (D:12)
  3 two-headed ogres
  3 death yaks
  A cyclops (D:11)
  Psyche (D:8)
  2 gargoyles (D:11)
  A komodo dragon (D:12)
  2 trolls
  2 hornets
  Grinder (D:6)
  4 slime creatures (D:12)
  4 shadows
  Sigmund (D:5)
  A vampire (D:11)
  2 wyverns
  Eustachio (D:6)
  11 yaks
  2 wraiths
  Menkaure (D:5)
  An acid dragon (D:9)
  Duvessa (D:6)
  4 black bears
  4 ice beasts
  8 orc warriors
  3 ogres
  A phantom (D:5)
  2 centaurs
  2 kobold brigands
  3 bullfrogs
  2 scorpions
  2 gnoll sergeants
  9 wights
  Dowan (D:6)
  4 killer bees (D:10)
  7 howler monkeys
  6 orc priests
  4 hounds (D:6)
  Jessica (D:2)
  19 orc wizards
  4 iguanas
  2 sleepcaps
  11 gnolls
  3 adders
  2 white imps
  A worm (D:2)
  2 dart slugs
  38 orcs
  4 endoplasms
  2 giant cockroaches
  6 goblins
  8 hobgoblins
  10 jackals
  11 kobolds
  2 quokkas
  6 ball pythons
  3 bats
  3 frilled lizards
  5 rats
252 creatures vanquished.

Notes
Turn   | Place    | Note
-------+----------+-------------------------------------------
     0 | D:1      | croobank the Draconian Ice Elementalist began the quest for
                  | the Orb.
     0 | D:1      | Reached XP level 1. HP: 14/14 MP: 3/3
   305 | D:1      | Reached XP level 2. HP: 20/20 MP: 5/5
   528 | D:1      | Found a faded altar of an unknown god.
  1007 | D:1      | Reached XP level 3. HP: 25/26 MP: 4/6
  1012 | D:1      | Learned a level 3 spell: Frozen Ramparts
  1255 | D:2      | Noticed Jessica
  1272 | D:2      | Killed Jessica
  1273 | D:2      | Reached XP level 4. HP: 30/33 MP: 1/7
  1336 | D:2      | Learned a level 3 spell: Ozocubu's Armour
  2194 | D:2      | Found a runed translucent door.
  2195 | D:2      | Noticed Crazy Yiuf
  2547 | D:3      | Found Juosaamig's Antique Armour Emporium.
  2553 | D:3      | Bought a pair of gloves for 117 gold pieces
  3142 | D:4      | Reached XP level 5. HP: 38/38 MP: 3/9
  3199 | D:4      | Found Gairaipiu's Antique Armour Shop.
  3311 | D:4      | Noticed a centaur
  3318 | D:4      | Killed a centaur
  3335 | D:4      | Reached skill level 5 in Ice Magic
  3335 | D:4      | Reached XP level 6. HP: 37/45 MP: 1/11
  3339 | D:4      | Learned a level 3 spell: Hailstorm
  3436 | D:4      | Found a runed translucent gate.
  3437 | D:4      | Found a runed translucent gate.
  3437 | D:4      | Found a runed translucent gate.
  3438 | D:4      | Found an opulent altar of Gozag.
  3440 | D:4      | Noticed hawla's ghost (amateur DEFE)
  3782 | D:4      | Found Sienej's Antique Weapon Emporium.
  4063 | D:4      | Found Ephig's Assorted Antiques.
  4069 | D:4      | Bought a smoky orange potion for 19 gold pieces
  4069 | D:4      | Bought a scroll labelled DAKECE MIJUA for 22 gold pieces
  4069 | D:4      | Bought a scroll labelled HOULYESHRANT for 22 gold pieces
  4076 | D:4      | Found Wuthroin's Armour Emporium.
  4190 | D:5      | Entered Level 5 of the Dungeon
  4190 | D:5      | Found a shimmering altar of Xom.
  4190 | D:5      | Found a shimmering altar of Xom.
  4412 | D:5      | Noticed an ice beast
  4414 | D:5      | Identified a scroll of acquirement
  4442 | D:6      | Noticed Grinder
  4453 | D:6      | Killed Grinder
  4454 | D:6      | Your scales start taking on an icy white colour.
  4454 | D:6      | Reached skill level 6 in Ice Magic
  4454 | D:6      | Reached XP level 7. HP: 50/50 MP: 5/13
  4454 | D:6      | Gained mutation: Your flesh is cold resistant. (rC+) [White
                  | Draconian growth]
  4455 | D:6      | Found a staircase to the Ecumenical Temple.
  4501 | Temple   | Entered the Ecumenical Temple
  4646 | Temple   | Became a worshipper of Sif Muna the Loreminder
  4694 | D:6      | Reached skill level 7 in Ice Magic
  4785 | D:6      | Reached skill level 1 in Fighting
  4785 | D:6      | Reached skill level 1 in Invocations
  4808 | D:6      | Reached XP level 8. HP: 59/59 MP: 5/14
  5020 | D:6      | Found a shadowy altar of Dithmenos.
  5248 | D:6      | Noticed Eustachio
  5260 | D:6      | Killed Eustachio
  5309 | D:6      | Reached skill level 5 in Stealth
  5594 | D:5      | Found a shimmering altar of Xom.
  5595 | D:5      | Found a shimmering altar of Xom.
  5595 | D:5      | Found a shimmering altar of Xom.
  5596 | D:5      | Found a shimmering altar of Xom.
  5599 | D:5      | Found a shimmering altar of Xom.
  5632 | D:5      | Reached * piety under Sif Muna
  5633 | D:5      | Reached skill level 5 in Dodging
  5663 | D:5      | Noticed Menkaure
  5676 | D:5      | Killed Menkaure
  5677 | D:5      | Reached skill level 5 in Spellcasting
  5773 | D:5      | Reached skill level 8 in Ice Magic
  5820 | D:5      | Noticed Sigmund
  5836 | D:5      | Killed Sigmund
  5837 | D:5      | Reached XP level 9. HP: 67/70 MP: 10/16
  6018 | D:6      | Noticed Duvessa
  6018 | D:6      | Noticed Dowan
  6024 | D:6      | Killed Dowan
  6027 | D:6      | Killed Duvessa
  6642 | D:7      | Found a white marble altar of Elyvilon.
  8114 | D:8      | Reached ** piety under Sif Muna
  8127 | D:8      | Reached skill level 5 in Fighting
  8127 | D:8      | Reached skill level 9 in Ice Magic
  8127 | D:8      | Reached skill level 5 in Invocations
  8355 | D:8      | Reached XP level 10. HP: 70/81 MP: 12/19
  8681 | D:8      | Noticed Psyche
  8693 | D:8      | Killed Psyche
  9524 | D:9      | Found a sparkling altar of Nemelex Xobeh.
  9833 | D:9      | Noticed a death yak
  9896 | D:9      | Noticed a two-headed ogre
  9900 | D:9      | Noticed a two-headed ogre
  9919 | D:8      | Killed a two-headed ogre
  9920 | D:8      | Reached skill level 10 in Ice Magic
  9996 | D:9      | Killed a two-headed ogre
  9997 | D:9      | Reached XP level 11. HP: 42/91 MP: 14/21
 10045 | D:9      | Noticed a death yak
 10046 | D:9      | Noticed a death yak
 10066 | D:8      | Killed a death yak
 10256 | D:8      | Killed a death yak
 10256 | D:8      | Reached *** piety under Sif Muna
 10326 | D:9      | Killed a death yak
 10386 | D:9      | Found a staircase to the Lair.
 10910 | D:10     | Entered Level 10 of the Dungeon
 10910 | D:10     | Found an ancient bone altar of Kikubaaqudgha.
 10922 | D:10     | Noticed a two-headed ogre
 10931 | D:10     | Killed a two-headed ogre
 11286 | D:10     | Found a staircase to the Orcish Mines.
 11345 | D:10     | Found a faded altar of an unknown god.
 11345 | D:10     | Found a faded altar of an unknown god.
 11345 | D:10     | Found a hazy altar of Hepliaklqana.
 11351 | D:10     | Identified the +1 leather armour "Ypinew" {+Blink Will+}
 11428 | D:10     | Found an opulent altar of Gozag.
 12398 | D:11     | Reached **** piety under Sif Muna
 13120 | D:12     | Reached skill level 11 in Ice Magic
 13379 | D:12     | Noticed a boulder beetle
 13403 | D:12     | Killed a boulder beetle
 13892 | D:12     | Reached XP level 12. HP: 75/101 MP: 21/23
 14041 | D:12     | Noticed a boulder beetle
 14067 | D:12     | Killed a boulder beetle
 14332 | D:12     | Noticed Jorgrun
 14456 | D:13     | Noticed a centaur warrior
 14457 | D:13     | Noticed a boulder beetle
 14468 | D:12     | Slain by a troll

Illustrated notes

Levels and vault maps discovered:
D:1:      heliophobic_arrival_dark_side_of_the_moon, layout_loops_ring,
          hellmonk_ecumenical_altar_blasted
D:2:      layout_basic, uniq_jessica, uniq_crazy_yiuf_cottage
D:3:      layout_loops_ring, serial_shops, nicolae_shop_tiny_statue_garden
D:4:      layout_loops_ring, ebering_ghost_gozag, serial_shops, shop,
          nicolae_shop_overgrown_old_shop, nicolae_shop_waterfront,
          nicolae_shop_crystal, hangedman_decor_clover_reticule
D:5:      layout_gridville, xom_redecorated, hangedman_decor_lopped,
          uniq_menkaure, uniq_sigmund
D:6:      layout_basic, mainiacjoe_overflow_tiny_flanked, temple_fountains,
          uniq_grinder, uniq_eustachio, uniq_duvessa
D:7:      layout_loops_ring, lemuel_doored_altar
D:8:      layout_loops_ring, uniq_psyche
D:9:      layout_basic, lemuel_round_altar, dpeg_lair_monsters,
          minmay_crystal_room
D:10:     layout_roguey, nicolae_hepliaklqana_ecumenical_no_more,
          lemuel_tele_altar, kiku_gazebo_garden_becter, david_orc_4
D:11:     layout_irregular_city
D:12:     layout_gridville, uniq_jorgrun
D:13:     layout_rooms, erik_vaults_2, door_vault
Temple:   regret_index_temple_waves

Skill      XL: |  1  2  3  4  5  6  7  8  9 10 11 12 |
---------------+-------------------------------------+-----
Stealth        | 2 3 4 5 6 7 8 |  8.7
Dodging        | 2 3 4 5 6 7 8 |  8.0
Spellcasting   | 3 4 5 6 7 8 |  8.0
Ice Magic      | 5 6 7 8 9 10 11 | 11.2
Fighting       | 1 3 5 6 8 |  8.0
Invocations    | 1 3 5 6 8 |  8.2

Action                     |  1- 3 |  4- 6 |  7- 9 | 10-12 || total
---------------------------+-------+-------+-------+-------++-------
  Melee: Short sword       |    38 |    74 |   172 |       ||   284
         Dagger            |     1 |       |     5 |   267 ||   273
         Unarmed           |     1 |       |       |       ||     1
         Tailslap          |     1 |    15 |    28 |    61 ||   105
         Punch             |       |       |     4 |     4 ||     8
   Fire: Sling             |       |       |       |    22 ||    22
         Arbalest          |       |       |       |     3 ||     3
   Cast: Freeze            |    27 |    13 |    50 |    59 ||   149
         Frozen Ramparts   |     6 |    23 |    30 |    60 ||   119
         Ozocubu's Armour  |       |    15 |    29 |    39 ||    83
  Evoke: Wand              |       |       |     2 |     2 ||     4
    Use: Scroll            |       |     7 |     8 |    11 ||    26
         Potion            |       |     1 |     2 |     7 ||    10
   Stab: Sleeping          |     3 |     6 |     6 |     3 ||    18
 Armour: Skin              |    17 |    40 |    87 |   107 ||   251
  Dodge: Dodged            |    42 |    43 |   139 |   219 ||   443
